[Event "OeISM Blitz U10 B"]
[Site "austriaU10b"]
[Date "2020.12.11"]
[Round "1"]
[White "Lukas-2010"]
[Black "Daniel195"]
[Result "1-0"]
[WhiteElo "1856"]
[BlackElo "1615"]
[Annotator "NA RC"]
[PlyCount "95"]
[EventDate "2020.12.11"]
[EventType "blitz"]
[TimeControl "180+2"]

1. e4 e5 2. Nf3 Nf6 3. d4 Nxe4 4. dxe5 Be7 5. Bd3 Nc5 6. O-O Nxd3 7. Qxd3 O-O 8. Nc3 Nc6 9. Nd5 d6 10. Nxe7+ Qxe7 11. Bg5 Qd7 12. exd6 Qxd6 13. Qxd6 cxd6 14. Rad1 h6 15. Bf4 d5 16. Rxd5 Be6 17. Rdd1 Rad8 18. a3 Bg4 19. c3 Bxf3 20. gxf3 g5 21. Bg3 f5 22. Bc7 Rc8 23. Bd6 Rfd8 24. f4 g4 25. Be5 Nxe5 26. fxe5 Kf7 27. f4 gxf3 28. Rd4 Rxd4 29. cxd4 Rc2 30. Rxf3 Rxb2 31. Rxf5+ Ke6 32. Rf6+ Kd5 33. Rd6+ Ke4 34. h4 Kf3 35. Rf6+ Kg3 36. Rg6+ Kf3 37. e6 Rb1+ 38. Kh2 Rb2+ 39. Kh3 Rb1 40. Rf6+ Ke3 41. e7 Rh1+ 42. Kg2 Rxh4 43. e8=Q+ Re4 44. Rf3+ Kd2 45. Qxe4 Kd1 46. Rf2 Kc1 47. Qe2 Kb1 48. Qe1# {[%emt 0:00:00] Mate Mate} 1-0